| TOP OF THE 1ST |
|
Baltimore Orioles batting - Pitching for Toronto Blue Jays : LHP Dave Kamhi
|
|
Pitching: LHP Dave Kamhi
|
|
|
Batting: SHB Willie McGee
|
0-0: Ball 1-0: Fly out, F8 (Flyball, 8RXD, EV 90.0 MPH)
|
|
Batting: SHB Johnny Ray
|
0-0: Ball 1-0: Ball 2-0: Ball 3-0: Base on Balls
|
|
Batting: SHB Steve R Ontiveros
|
0-0: Ball 1-0: Ball 2-0: Ball 3-0: Base on Balls Johnny Ray to second
|
|
Batting: RHB Dwight Evans
|
0-0: Called Strike 0-1: Swinging Strike 0-2: Strikes out swinging
|
|
Batting: SHB Mike Hart
|
0-0: Ball 1-0: Swinging Strike 1-1: Foul Ball, location: 2F 1-2: Ball 2-2: Ball 3-2: Strikes out swinging
|
| Top of the 1st over - 0 runs, 0 hits, 0 errors, 2 left on base; Baltimore 0 - Toronto 0 |
| BOTTOM OF THE 1ST |
|
Toronto Blue Jays batting - Pitching for Baltimore Orioles : RHP Rick Reuschel
|
|
Pitching: RHP Rick Reuschel
|
|
|
Batting: SHB Harold Reynolds
|
0-0: Ball 1-0: Ball 2-0: Called Strike 2-1: Swinging Strike 2-2: Foul Ball, location: 2F 2-2: Fly out, F8 (Flyball, 89D, EV 102.5 MPH)
|
|
Batting: RHB Jose Gonzalez
|
0-0: Ball 1-0: Ball 2-0: Called Strike 2-1: Ball 3-1: Foul Ball, location: 2F 3-2: Foul Ball, location: 2F 3-2: Foul Ball, location: 2F 3-2: SINGLE (Line Drive, 34D, EV 95.0 MPH)
|
|
Batting: LHB Chad Daley
|
0-0: Ball 1-0: Ball 2-0: Called Strike 2-1: DOUBLE (Flyball, 8LXD, EV 105.0 MPH) Jose Gonzalez to third Runner from 3rd tries for Home, SAFE, no throw by CF
|
|
Batting: RHB Andres Galarraga
|
0-0: Ball 1-0: Swinging Strike 1-1: Swinging Strike 1-2: Fly out, F8 (Flyball, 89D, EV 94.4 MPH)
|
|
Batting: LHB Steve Stroughter
|
0-0: Fly out, F9 (Line Drive, 9, EV 85.6 MPH)
|
| Bottom of the 1st over - 1 run, 2 hits, 0 errors, 1 left on base; Baltimore 0 - Toronto 1 |
| TOP OF THE 2ND |
|
Baltimore Orioles batting - Pitching for Toronto Blue Jays : LHP Dave Kamhi
|
|
Batting: RHB Matt Rice
|
0-0: Ball 1-0: Ground out 2-3 (Groundball, 2L, EV 70.6 MPH)
|
|
Batting: RHB Mark Brouhard
|
0-0: Swinging Strike 0-1: SINGLE (Flyball, 34D, EV 96.3 MPH)
|
|
Batting: RHB Dennis Werth
|
0-0: Grounds into double play, 4-6-3 (Groundball, 4, EV 108.1 MPH)
|
| Top of the 2nd over - 0 runs, 1 hit, 0 errors, 0 left on base; Baltimore 0 - Toronto 1 |
| BOTTOM OF THE 2ND |
|
Toronto Blue Jays batting - Pitching for Baltimore Orioles : RHP Rick Reuschel
|
|
Batting: RHB Amos Otis
|
0-0: Ball 1-0: Swinging Strike 1-1: Ball 2-1: Fly out, F9 (Flyball, 9D, EV 106.9 MPH)
|
|
Batting: RHB Cal Ripken
|
0-0: Ball 1-0: Ground out 6-3 (Groundball, 56, EV 101.9 MPH)
|
|
Batting: RHB Jason Adams
|
0-0: Ball 1-0: Foul Ball, location: 2F 1-1: Foul Ball, location: 2F 1-2: Ball 2-2: SINGLE (Line Drive, 8LS, EV 91.9 MPH)
|
|
Batting: RHB Jose Carrillo
|
0-0: Foul Ball, location: 2F 0-1: Ground out 4-3 (Groundball, 4, EV 88.1 MPH)
|
| Bottom of the 2nd over - 0 runs, 1 hit, 0 errors, 1 left on base; Baltimore 0 - Toronto 1 |
| TOP OF THE 3RD |
|
Baltimore Orioles batting - Pitching for Toronto Blue Jays : LHP Dave Kamhi
|
|
Batting: RHB Marty G Barrett
|
0-0: Swinging Strike 0-1: Ball 1-1: Ball 2-1: Ball 3-1: Base on Balls
|
|
Batting: SHB Willie McGee
|
0-0: Ball 1-0: SINGLE (Groundball, 34S, EV 73.1 MPH) (infield hit) Marty G Barrett to second
|
|
Batting: SHB Johnny Ray
|
0-0: Called Strike 0-1: Grounds into double play, 4-6-3 (Groundball, 4, EV 85.0 MPH) Marty G Barrett to third
|
|
Batting: SHB Steve R Ontiveros
|
0-0: Ball 1-0: Ball 2-0: DOUBLE (Line Drive, 8LXD, EV 102.5 MPH) Marty G Barrett scores
|
|
Batting: RHB Dwight Evans
|
0-0: Ball 1-0: Foul Ball, location: 2F 1-1: Swinging Strike 1-2: Ball 2-2: Ball 3-2: Ground out 1-3 (Groundball, P, EV 67.5 MPH)
|
| Top of the 3rd over - 1 run, 2 hits, 0 errors, 1 left on base; Baltimore 1 - Toronto 1 |
| BOTTOM OF THE 3RD |
|
Toronto Blue Jays batting - Pitching for Baltimore Orioles : RHP Rick Reuschel
|
|
Batting: SHB Harold Reynolds
|
0-0: Ball 1-0: Swinging Strike 1-1: Ball 2-1: Ball 3-1: SINGLE (Flyball, 78S, EV 85.6 MPH)
|
|
Batting: RHB Jose Gonzalez
|
0-0: Called Strike 0-1: Swinging Strike 0-2: Ball 1-2: Foul Ball, location: 2F 1-2: Fly out, F7 (Line Drive, 7, EV 111.9 MPH)
|
|
Batting: LHB Chad Daley
|
0-0: Ball 1-0: Ball 2-0: SINGLE (Line Drive, 7S, EV 104.4 MPH) Harold Reynolds to second
|
|
Batting: RHB Andres Galarraga
|
0-0: Called Strike 0-1: Swinging Strike 0-2: Grounds into double play, 6-4-3 (Groundball, 6, EV 89.4 MPH)
|
| Bottom of the 3rd over - 0 runs, 2 hits, 0 errors, 1 left on base; Baltimore 1 - Toronto 1 |
| TOP OF THE 4TH |
|
Baltimore Orioles batting - Pitching for Toronto Blue Jays : LHP Dave Kamhi
|
|
Pitching: RHP Nick Piazza
|
|
|
Batting: SHB Mike Hart
|
0-0: Called Strike 0-1: Ball 1-1: Fly out, F7 (Flyball, 7, EV 73.1 MPH)
|
|
Batting: RHB Matt Rice
|
0-0: SINGLE (Line Drive, 78S, EV 103.8 MPH)
|
|
Batting: RHB Mark Brouhard
|
0-0: Called Strike 0-1: Ball Wild Pitch! Matt Rice to second 1-1: Ball 2-1: Foul Ball, location: 2F 2-2: Foul Ball, location: 2F 2-2: Foul Ball, location: 2F 2-2: Fly out, F3 (Popup, 34, EV 66.3 MPH)
|
|
Batting: RHB Dennis Werth
|
0-0: Ball 1-0: Swinging Strike 1-1: Swinging Strike 1-2: Ball 2-2: Strikes out swinging
|
| Top of the 4th over - 0 runs, 1 hit, 0 errors, 1 left on base; Baltimore 1 - Toronto 1 |
| BOTTOM OF THE 4TH |
|
Toronto Blue Jays batting - Pitching for Baltimore Orioles : RHP Rick Reuschel
|
|
Batting: LHB Steve Stroughter
|
0-0: Swinging Strike 0-1: Foul Ball, location: 2F 0-2: Ball 1-2: Fly out, F8 (Line Drive, 8LM, EV 97.5 MPH)
|
|
Batting: RHB Amos Otis
|
0-0: Fly out, F8 (Flyball, 8LXD, EV 99.4 MPH)
|
|
Batting: RHB Cal Ripken
|
0-0: Fly out, F8 (Line Drive, 8LD, EV 110.6 MPH)
|
| Bottom of the 4th over - 0 runs, 0 hits, 0 errors, 0 left on base; Baltimore 1 - Toronto 1 |
| TOP OF THE 5TH |
|
Baltimore Orioles batting - Pitching for Toronto Blue Jays : RHP Nick Piazza
|
|
Batting: RHB Marty G Barrett
|
0-0: SINGLE (Groundball, 6D, EV 103.8 MPH)
|
|
Batting: SHB Willie McGee
|
0-0: Ball 1-0: Bunted foul 1-1: Ball 2-1: Sac Bunt to 13S - play at first, batter OUT! 1-4 Marty G Barrett to second
|
|
Batting: SHB Johnny Ray
|
0-0: SINGLE (Line Drive, 6D, EV 99.4 MPH) Marty G Barrett to third Runner from 3rd tries for Home, SAFE, throw by LF to home
|
|
Batting: SHB Steve R Ontiveros
|
0-0: Ball 1-0: Called Strike 1-1: Ball 2-1: Swinging Strike 2-2: Strikes out swinging
|
|
Batting: RHB Dwight Evans
|
0-0: Called Strike 0-1: Foul Ball, location: 2F 0-2: Ball 1-2: Ball 2-2: SINGLE (Line Drive, 8RS, EV 108.1 MPH) Johnny Ray to second Runner from 2nd tries for 3rd, SAFE, throw by CF made to third
|
|
Batting: SHB Mike Hart
|
0-0: Called Strike 0-1: Called Strike 0-2: Foul Ball, location: 2F 0-2: Foul Ball, location: 2F 0-2: Ball 1-2: Ball 2-2: Ground out 4-3 (Groundball, 4, EV 84.4 MPH)
|
| Top of the 5th over - 1 run, 3 hits, 0 errors, 2 left on base; Baltimore 2 - Toronto 1 |
| BOTTOM OF THE 5TH |
|
Toronto Blue Jays batting - Pitching for Baltimore Orioles : RHP Rick Reuschel
|
|
Batting: RHB Jason Adams
|
0-0: Foul Ball, location: 2F 0-1: Ball 1-1: SINGLE (Line Drive, 6D, EV 103.8 MPH)
|
|
Batting: RHB Jose Carrillo
|
0-0: Ball Pickoff Throw to First - Out! 1-3 1-0: Ball 2-0: Called Strike 2-1: Swinging Strike 2-2: Ball 3-2: Ground out U3 (Groundball, 3, EV 81.3 MPH)
|
|
Batting: SHB Harold Reynolds
|
0-0: Swinging Strike 0-1: Ball 1-1: Foul Ball, location: 2F 1-2: Ball 2-2: Ground out U3 (Groundball, 34S, EV 80.6 MPH)
|
| Bottom of the 5th over - 0 runs, 1 hit, 0 errors, 0 left on base; Baltimore 2 - Toronto 1 |
| TOP OF THE 6TH |
|
Baltimore Orioles batting - Pitching for Toronto Blue Jays : RHP Nick Piazza
|
|
Batting: RHB Matt Rice
|
0-0: Called Strike 0-1: Ball 1-1: Called Strike 1-2: Hit by Pitch
|
|
Batting: RHB Mark Brouhard
|
0-0: Ball 1-0: Ball 2-0: SINGLE (Flyball, 56D, EV 93.1 MPH) Matt Rice to second
|
|
Batting: RHB Dennis Werth
|
0-0: Fly out, F8 (Line Drive, 8LD, EV 97.5 MPH)
|
|
Batting: RHB Marty G Barrett
|
0-0: Called Strike 0-1: Ground out 5-3 (Groundball, 56S, EV 63.8 MPH) Matt Rice to third Mark Brouhard to second
|
|
Batting: SHB Willie McGee
|
0-0: Called Strike 0-1: Ball 1-1: Fly out, F7 (Flyball, 78XD, EV 88.1 MPH)
|
| Top of the 6th over - 0 runs, 1 hit, 0 errors, 2 left on base; Baltimore 2 - Toronto 1 |
| BOTTOM OF THE 6TH |
|
Toronto Blue Jays batting - Pitching for Baltimore Orioles : RHP Rick Reuschel
|
|
Batting: RHB Jose Gonzalez
|
0-0: Called Strike 0-1: SINGLE (Groundball, 6D, EV 106.9 MPH)
|
|
Batting: LHB Chad Daley
|
0-0: Swinging Strike 0-1: Called Strike 0-2: Ball 1-2: SINGLE (Flyball, 8LS, EV 91.3 MPH) Jose Gonzalez to second Runner from 2nd tries for 3rd, SAFE, throw by CF made to third
|
|
Batting: RHB Andres Galarraga
|
0-0: Called Strike 0-1: Foul Ball, location: 2F 0-2: Ball 1-2: DOUBLE (Groundball, 5L, EV 108.8 MPH) Jose Gonzalez scores Chad Daley to third
|
|
Batting: LHB Steve Stroughter
|
0-0: Foul Ball, location: 2F 0-1: Ball 1-1: Fly out, F9 (Flyball, 9LM, EV 93.8 MPH) Runner from 3rd tags up, SCORES, throw by RF Andres Galarraga to third
|
|
Batting: RHB Amos Otis
|
0-0: Ball 1-0: Fly out, F6 (Popup, 4MD, EV 56.9 MPH)
|
|
Batting: RHB Cal Ripken
|
0-0: Ball 1-0: Ball 2-0: Ball 3-0: Called Strike 3-1: Base on Balls
|
|
Batting: RHB Jason Adams
|
0-0: Ball 1-0: Called Strike 1-1: Called Strike 1-2: Foul Ball, location: 2F 1-2: Ball 2-2: DOUBLE (Flyball, 78XD, EV 106.3 MPH) Andres Galarraga scores Cal Ripken to third Runner from 3rd tries for Home, SAFE, throw by LF to trailing runner, SAFE at third!
|
|
Pitching: RHP John Howell
|
|
|
Batting: RHB Jose Carrillo
|
0-0: Ball 1-0: Called Strike 1-1: Ball 2-1: Foul Ball, location: 2F 2-2: Ball 3-2: 2-RUN HOME RUN (Flyball, 7LD, EV 104.4 MPH), Distance : 355 ft
|
|
Batting: SHB Harold Reynolds
|
0-0: Ball 1-0: Called Strike 1-1: Ball 2-1: Swinging Strike 2-2: Fly out, F9 (Flyball, 89D, EV 100.0 MPH)
|
| Bottom of the 6th over - 6 runs, 5 hits, 0 errors, 0 left on base; Baltimore 2 - Toronto 7 |
| TOP OF THE 7TH |
|
Baltimore Orioles batting - Pitching for Toronto Blue Jays : RHP Nick Piazza
|
|
Batting: SHB Johnny Ray
|
0-0: Foul Ball, location: 2F 0-1: Ball 1-1: Called Strike 1-2: TRIPLE (Line Drive, 78XD, EV 107.5 MPH)
|
|
Pitching: LHP Tom Deidel
|
|
|
Batting: SHB Steve R Ontiveros
|
0-0: Ground out 5-3 (Groundball, 56S, EV 85.0 MPH) Johnny Ray scores
|
|
Batting: RHB Dwight Evans
|
0-0: Swinging Strike 0-1: Ball 1-1: Swinging Strike 1-2: Ball 2-2: Strikes out swinging
|
|
Batting: SHB Mike Hart
|
0-0: Called Strike 0-1: Called Strike 0-2: Foul Ball, location: 2F 0-2: Foul Ball, location: 2F 0-2: Strikes out looking
|
| Top of the 7th over - 1 run, 1 hit, 0 errors, 0 left on base; Baltimore 3 - Toronto 7 |
| BOTTOM OF THE 7TH |
|
Toronto Blue Jays batting - Pitching for Baltimore Orioles : RHP John Howell
|
|
Batting: RHB Jose Gonzalez
|
0-0: Ball 1-0: SINGLE (Line Drive, 7S, EV 84.4 MPH)
|
|
Batting: LHB Chad Daley
|
0-0: Foul Ball, location: 2F 0-1: Grounds into double play, 3-6-3 (Groundball, 3, EV 79.4 MPH)
|
|
Batting: RHB Andres Galarraga
|
0-0: Ball 1-0: Foul Ball, location: 2F 1-1: Ball 2-1: Foul Ball, location: 2F 2-2: Ground out 3-1 (Groundball, 34, EV 88.1 MPH)
|
| Bottom of the 7th over - 0 runs, 1 hit, 0 errors, 0 left on base; Baltimore 3 - Toronto 7 |
| TOP OF THE 8TH |
|
Baltimore Orioles batting - Pitching for Toronto Blue Jays : LHP Tom Deidel
|
|
Batting: RHB Matt Rice
|
0-0: Foul Ball, location: 2F 0-1: Ball 1-1: Foul Ball, location: 2F 1-2: Strikes out looking
|
|
Batting: RHB Mark Brouhard
|
0-0: Called Strike 0-1: SOLO HOME RUN (Line Drive, 7D, EV 109.4 MPH), Distance : 405 ft
|
|
Batting: RHB Dennis Werth
|
0-0: Ball 1-0: Foul Ball, location: 2F 1-1: Foul Ball, location: 2F 1-2: Foul Ball, location: 2F 1-2: Ground out 4-3 (Groundball, 4M, EV 98.8 MPH)
|
|
Batting: RHB Marty G Barrett
|
0-0: SINGLE (Flyball, 8RS, EV 95.6 MPH)
|
|
Batting: SHB Willie McGee
|
0-0: Called Strike 0-1: Ball 1-1: Ball 2-1: Fly out, F8 (Line Drive, 8RD, EV 88.8 MPH)
|
| Top of the 8th over - 1 run, 2 hits, 0 errors, 1 left on base; Baltimore 4 - Toronto 7 |
| BOTTOM OF THE 8TH |
|
Toronto Blue Jays batting - Pitching for Baltimore Orioles : RHP John Howell
|
|
Batting: LHB Steve Stroughter
|
0-0: Ball 1-0: SINGLE (Groundball, 25, EV 71.3 MPH) (infield hit)
|
|
Pitching: RHP Oscar Silva
|
|
|
Batting: RHB Amos Otis
|
0-0: Ball 1-0: Ball 2-0: SINGLE (Groundball, 56D, EV 102.5 MPH) Steve Stroughter to second
|
|
Batting: RHB Cal Ripken
|
0-0: Called Strike 0-1: Ball 1-1: Ball 2-1: Fielders Choice at 2nd, 3-6 (Groundball, 34, EV 82.5 MPH) Steve Stroughter to third
|
|
Batting: RHB Jason Adams
|
0-0: Ball 1-0: Called Strike 1-1: Ball 2-1: Foul Ball, location: 2F 2-2: Fly out, F7 (Flyball, 7D, EV 104.4 MPH) Runner from 3rd tags up, OUT at HOME! 7-2
|
| Bottom of the 8th over - 0 runs, 2 hits, 0 errors, 1 left on base; Baltimore 4 - Toronto 7 |
| TOP OF THE 9TH |
|
Baltimore Orioles batting - Pitching for Toronto Blue Jays : LHP Tom Deidel
|
|
Now at 1B: Chris Speier
|
|
|
Batting: SHB Johnny Ray
|
0-0: Ground out 5-3 (Groundball, 5L, EV 85.0 MPH)
|
|
Batting: SHB Steve R Ontiveros
|
0-0: DOUBLE (Line Drive, 89M, EV 99.4 MPH)
|
|
Batting: RHB Dwight Evans
|
0-0: Ball 1-0: Ball 2-0: Ball 3-0: Base on Balls
|
|
Batting: SHB Mike Hart
|
0-0: Ball 1-0: Fielders Choice at 2nd, 3-6 (Groundball, 34S, EV 81.9 MPH) Steve R Ontiveros to third
|
|
Batting: RHB Matt Rice
|
0-0: Called Strike 0-1: Ball 1-1: DOUBLE (Line Drive, 5D, EV 101.9 MPH) Steve R Ontiveros scores Mike Hart to third
|
|
Batting: RHB Mark Brouhard
|
0-0: Ball 1-0: Ball 2-0: Foul Ball, location: 2F 2-1: Ball 3-1: Swinging Strike 3-2: Foul Ball, location: 2F 3-2: Base on Balls
|
|
Batting: RHB Dennis Werth
|
0-0: Foul Ball, location: 2F 0-1: Ball 1-1: Foul Ball, location: 2F 1-2: Foul Ball, location: 2F 1-2: Strikes out swinging
|
| Top of the 9th over - 1 run, 2 hits, 0 errors, 3 left on base; Baltimore 5 - Toronto 7 |
|